 Dungeon Crawl Stone Soup version 0.23-a0-577-g2b1de94 (webtiles) character file.

639 Leeroy the Charmwright (level 7, -2/56 HPs)
             Began as a Gnoll Skald on Dec 14, 2018.
             Was an Initiate of Wu Jian.
             Killed by divine providence
             ... invoked by an orc priest
              (12 damage)
             ... on level 4 of the Dungeon.
             The game lasted 00:20:50 (3880 turns).

Leeroy the Charmwright (Gnoll Skald)                Turns: 3880, Time: 00:20:50

Health: -2/56      AC: 12    Str: 14    XL:     7   Next: 51%
Magic:  13/15      EV: 15    Int: 15    God:    Wu Jian [......]
Gold:   287        SH:  0    Dex: 16    Spells: 6/17 levels left

rFire    + . .     SeeInvis .   a - +0 falchion
rCold    + . .     Gourm    .   (no shield)
rNeg     . . .     Faith    .   J - +3 leather armour
rPois    +         Spirit   .   l - +2 helmet
rElec    +         Reflect  .   (no cloak)
rCorr    +         Harm     .   y - +2 pair of gloves
MR       .....                  (no boots)
Stlth    ++........             (no amulet)
HPRegen  0.18/turn              (no ring)
MPRegen  0.14/turn              (no ring)

@: resistant, slowed, very slow
A: distributed training, fangs 1, strong nose
a: Renounce Religion


You were on level 4 of the Dungeon.
You worshipped Wu Jian.
Wu Jian was noncommittal.
You were not hungry.

You visited 2 branches of the dungeon, and saw 5 of its levels.

You collected 287 gold pieces.

Inventory:

Hand Weapons
 a - a +0 falchion (weapon)
 f - a +0 dagger
 u - a +0 dagger
 B - a +0 flail
Missiles
 g - 60 bolts
 h - 112 stones (quivered)
 n - 16 poisoned needles
 o - 43 sling bullets
 w - 15 arrows
 H - 7 javelins
Armour
 b - a +0 leather armour
 l - a +2 helmet (worn)
 q - a +0 robe
 v - a +0 ring mail
 y - a +2 pair of gloves (worn)
 J - a +3 leather armour (worn)
Jewellery
 j - an uncursed amulet of the acrobat
 r - a +3 ring of dexterity
 F - a cursed -2 ring of evasion {unknown}
Scrolls
 e - a scroll of teleportation
 s - a scroll of fear {unknown}
 t - a scroll of enchant armour {unknown}
 x - 3 scrolls of remove curse {unknown}
 C - a scroll of random uselessness {unknown}
 D - 4 scrolls of immolation {unknown}
 E - a scroll of amnesia {unknown}
 K - a scroll of magic mapping
Potions
 c - a potion of magic {unknown}
 i - 2 potions of curing
 k - a potion of invisibility {unknown}
 m - a potion of lignification {unknown}
 p - a potion of resistance
 z - a potion of flight
 A - a potion of mutation {unknown}
 G - a potion of brilliance {unknown}
Comestibles
 d - 4 rations
 I - 7 chunks of flesh


   Skills:
 + Level 5.2 Fighting
 + Level 2.5 Short Blades
 + Level 5.2 Long Blades
 + Level 2.5 Axes
 + Level 2.5 Maces & Flails
 + Level 2.5 Polearms
 + Level 2.5 Staves
 + Level 2.5 Slings
 + Level 2.5 Bows
 + Level 2.5 Crossbows
 + Level 2.5 Throwing
 + Level 3.6 Armour
 + Level 5.2 Dodging
 + Level 2.5 Stealth
 + Level 2.5 Shields
 + Level 2.5 Unarmed Combat
 + Level 5.6 Spellcasting
 + Level 2.0 Conjurations
 + Level 2.0 Hexes
 + Level 5.8 Charms
 + Level 2.0 Summonings
 + Level 2.0 Necromancy
 + Level 2.0 Translocations
 + Level 2.0 Transmutations
 + Level 2.0 Fire Magic
 + Level 2.0 Ice Magic
 + Level 2.0 Air Magic
 + Level 2.0 Earth Magic
 + Level 2.0 Poison Magic
 + Level 2.7 Invocations
 + Level 2.5 Evocations


You had 6 spell levels left.
You knew the following spells:

 Your Spells              Type           Power        Failure   Level  Hunger
a - Infusion              Chrm           ###.         1%          1    None
b - Song of Slaying       Chrm           ###.....     2%          2    #......
c - Shroud of Golubria    Chrm/Tloc      ###.......   5%          2    #......
d - Regeneration          Chrm/Necr      ###.......   11%         3    ###....
e - Spectral Weapon       Hex/Chrm       ###.....     11%         3    ###....

Your spell library contained the following spells:

 Spells                   Type           Power        Failure   Level  Hunger


Dungeon Overview and Level Annotations

Branches:
Dungeon (4/15)             Temple (1/1) D:4

Altars:
Ashenzari
Cheibriados
Elyvilon
Gozag
Kikubaaqudgha
Nemelex Xobeh
Okawaru
Qazlal
Ru
Sif Muna
Vehumet
Wu Jian
Xom
Yredelemnul
The Shining One


Innate Abilities, Weirdness & Mutations

Your experience applies equally to all skills.
You have very sharp teeth.
Your uncanny sense of smell can sniff out nearby items.


Message History

Beogh smites you!
* * * LOW HITPOINT WARNING * * *
The orc wizard closely misses you.
You riposte.
You hit the orc wizard but do no damage.
The orc wizard is moderately wounded.
Okay, then.
You are slowed.
Your movement speed is very slow.
Your attack speed is quite slow.
You feel protected.
The orc wizard hits you with a +0 dagger.
* * * LOW HITPOINT WARNING * * *
The orc closely misses your spectral weapon.
The orc hits your spectral weapon but does no damage.
The orc wizard hits you with a +0 dagger.
* * * LOW HITPOINT WARNING * * *
The orc completely misses you.
You riposte.
You hit the orc.
The orc is severely wounded.
The orc priest calls down the wrath of Beogh upon you.
Beogh smites you!
You die...

#.o..............#.#
#..................##
#................#
#...............#
###............##
#####.o.............#
##.##.o........##...##
#.....oo(......##.###
#.....o@.......####
#..............#
#####....#.....#
##...##..### #..###.##
#### ###


You could see an orc priest, an orc wizard, 3 orcs and a friendly spectral +0
falchion.

Vanquished Creatures
  The ghost of Shiggs the Charmwright, an amateur HaSk (D:3)
  An ogre (D:4)
  A phantom (D:4)
  2 quasits (D:3)
  2 orc priests (D:4)
  An iguana (D:4)
  5 adders
  3 worms
  A dart slug (D:1)
  A leopard gecko (D:1)
  7 orcs
  2 ball pythons (D:1)
  6 giant cockroaches
  4 goblins
  7 hobgoblins
  8 jackals
  A quokka (D:3)
  8 bats
  5 frilled lizards
  11 kobolds
  6 rats
83 creatures vanquished.

Notes
Turn   | Place    | Note
-------+----------+-------------------------------------------
     0 | D:1      | Leeroy the Gnoll Skald began the quest for the Orb.
     0 | D:1      | Reached XP level 1. HP: 20/20 MP: 6/6
   444 | D:1      | Reached XP level 2. HP: 26/26 MP: 7/7
   702 | D:1      | Reached XP level 3. HP: 28/31 MP: 9/9
   876 | D:2      | Reached skill level 5 in Spellcasting
   905 | D:2      | Learned a level 2 spell: Song of Slaying
   908 | D:2      | Learned a level 2 spell: Shroud of Golubria
   912 | D:2      | Learned a level 3 spell: Regeneration
   916 | D:2      | Learned a level 3 spell: Spectral Weapon
   999 | D:2      | Found a glowing golden altar of the Shining One.
  1088 | D:2      | Reached skill level 1 in Invocations
  1190 | D:2      | Reached skill level 1 in Short Blades
  1190 | D:2      | Reached skill level 1 in Axes
  1190 | D:2      | Reached skill level 1 in Maces & Flails
  1190 | D:2      | Reached skill level 1 in Polearms
  1190 | D:2      | Reached skill level 1 in Staves
  1190 | D:2      | Reached skill level 1 in Slings
  1190 | D:2      | Reached skill level 1 in Bows
  1190 | D:2      | Reached skill level 1 in Crossbows
  1190 | D:2      | Reached skill level 1 in Throwing
  1190 | D:2      | Reached skill level 1 in Stealth
  1190 | D:2      | Reached skill level 1 in Shields
  1190 | D:2      | Reached skill level 1 in Unarmed Combat
  1190 | D:2      | Reached skill level 1 in Evocations
  1220 | D:2      | Reached XP level 4. HP: 36/38 MP: 11/11
  1693 | D:3      | Found a transporter.
  1736 | D:3      | Found a transporter.
  1887 | D:3      | Reached skill level 1 in Conjurations
  1887 | D:3      | Reached skill level 1 in Hexes
  1887 | D:3      | Reached skill level 1 in Summonings
  1887 | D:3      | Reached skill level 1 in Necromancy
  1887 | D:3      | Reached skill level 1 in Translocations
  1887 | D:3      | Reached skill level 1 in Transmutations
  1887 | D:3      | Reached skill level 1 in Fire Magic
  1887 | D:3      | Reached skill level 1 in Ice Magic
  1887 | D:3      | Reached skill level 1 in Air Magic
  1887 | D:3      | Reached skill level 1 in Earth Magic
  1887 | D:3      | Reached skill level 1 in Poison Magic
  2087 | D:3      | Noticed Shiggs's ghost (amateur HaSk)
  2121 | D:3      | Reached XP level 5. HP: 43/43 MP: 12/12
  2759 | D:3      | Killed Shiggs's ghost
  2759 | D:3      | Reached skill level 5 in Fighting
  2759 | D:3      | Reached skill level 5 in Long Blades
  2759 | D:3      | Reached skill level 5 in Dodging
  2759 | D:3      | Reached XP level 6. HP: 22/51 MP: 2/14
  2796 | D:4      | Noticed a phantom
  2847 | D:4      | Killed a phantom
  2847 | D:4      | Reached XP level 7. HP: 36/56 MP: 15/15
  3025 | D:4      | Found a staircase to the Ecumenical Temple.
  3030 | Temple   | Entered the Ecumenical Temple
  3492 | Temple   | Became a worshipper of the Wu Jian Council
  3880 | D:4      | Killed from afar by an orc priest

Vault maps used:
D:1:      minmay_arrival_glassed_features, minmay_splitting_lines
D:2:      marbit_many_paths, serial_bayou_crossing
D:3:      gammafunk_ghost_stat_death, first_ration, nrook_loot_triangle
D:4:      minmay_temple_entry_proselytizer
Temple:   dpeg_chambers_temple

Skill      XL: |  1  2  3  4  5  6  7 |
---------------+----------------------+-----
Spellcasting   | 5 |  5.6
Invocations    | 1 2 |  2.7
Short Blades   | 1 2 |  2.5
Axes           | 1 2 |  2.5
Maces & Flails | 1 2 |  2.5
Polearms       | 1 2 |  2.5
Staves         | 1 2 |  2.5
Slings         | 1 2 |  2.5
Bows           | 1 2 |  2.5
Crossbows      | 1 2 |  2.5
Throwing       | 1 2 |  2.5
Stealth        | 1 2 |  2.5
Shields        | 1 2 |  2.5
Unarmed Combat | 1 2 |  2.5
Evocations     | 1 2 |  2.5
Conjurations   | 1 2 |  2.0
Hexes          | 1 2 |  2.0
Summonings     | 1 2 |  2.0
Necromancy     | 1 2 |  2.0
Translocations | 1 2 |  2.0
Transmutations | 1 2 |  2.0
Fire Magic     | 1 2 |  2.0
Ice Magic      | 1 2 |  2.0
Air Magic      | 1 2 |  2.0
Earth Magic    | 1 2 |  2.0
Poison Magic   | 1 2 |  2.0
Armour         | 3 |  3.6
Fighting       | 5 |  5.2
Long Blades    | 5 |  5.2
Dodging        | 5 |  5.2
Charms         | |  5.8

Action                   |  1- 3 |  4- 6 |  7- 9 || total
-------------------------+-------+-------+-------++-------
Melee: Falchion          |   126 |   172 |    45 ||   343
       Bite              |    14 |    29 |     6 ||    49
       Punch             |       |     1 |     2 ||     3
 Cast: Song of Slaying   |       |     2 |     1 ||     3
       Spectral Weapon   |       |     2 |     4 ||     6
       Regeneration      |       |     2 |     2 ||     4
       Shroud of Golubri |       |     1 |     2 ||     3
       Infusion          |       |     1 |       ||     1
Invok: Lunge             |       |       |     1 ||     1
  Use: Scroll            |     1 |     4 |       ||     5
       Potion            |       |     2 |     3 ||     5
 Stab: Distracted        |       |       |     1 ||     1
  Eat: Chunk             |     1 |     6 |     1 ||     8
       Ration            |       |       |     1 ||     1
Armor: Leather armour    |    22 |       |    11 ||    33
       Ring mail         |    16 |   135 |    17 ||   168
Dodge: Dodged            |   101 |   185 |    57 ||   343
       Rpst.: Falchion   |    31 |    48 |    17 ||    96

Table legend:
 A = Non-vault XP
 B = Vault XP
 C = Vault XP percentage of total XP
 D = Non-vault monster count
 E = Vault monster count
 F = Vault count percentage of total count
                 A         B        C        D         E       F
            +---------+---------+-------+---------+---------+-------
      Total |     522 |     392 |  42.9 |      78 |       5 |   6.0
            +---------+---------+-------+---------+---------+-------
        D:1 |      35 |       0 |   0.0 |      21 |       0 |   0.0
        D:2 |      90 |       1 |   1.1 |      30 |       1 |   3.2
        D:3 |      57 |     348 |  85.9 |      20 |       3 |  13.0
        D:4 |     340 |      43 |  11.2 |       7 |       1 |  12.5
            +---------+---------+-------+---------+---------+-------
